 Dungeon Crawl Stone Soup version 0.30.0-20-g3615ddf2f0 (webtiles) character file.

Game seed: 7110121359612979784

1190 qw the Cleaver (level 8, 0/51 HPs)
             Began as a Gargoyle Fighter on June 1, 2023.
             Slain by a deep elf zephyrmancer
             ... wielding a +0 long sword
              (3 damage)
             ... on level 6 of the Dungeon.
             The game lasted 00:02:44 (4829 turns).

qw the Cleaver (Gargoyle Fighter)                   Turns: 4829, Time: 00:02:44

Health: 0/51       AC: 19    Str: 22    XL:     8   Next: 43%
Magic:  8/8        EV:  8    Int:  9    God:
Gold:   388        SH:  9    Dex:  9    Spells: 7/7 levels left

rFire   . . .        Y - +1 war axe
rCold   . . .        c - +0 buckler
rNeg    + . .        p - +0 chain mail
rPois   inf          (no helmet)
rElec   +            (no cloak)
rCorr   +            (no gloves)
SInv    .            j - +0 pair of boots
Will    .....        i - amulet of reflection Stlth
                     l - ring of resist corrosion
HPRegen 0.28/turn    f - +4 ring of protection
MPRegen 0.11/turn

%: reflection
@: about to teleport
A: sickness immunity, AC +5, negative energy resistance 1, electricity
resistance, torment resistance 1, petrification resistance
a: no special abilities


You were on level 6 of the Dungeon.
You visited 2 branches of the dungeon, and saw 7 of its levels.

You collected 388 gold pieces.


Innate Abilities, Weirdness & Mutations

You are immune to sickness and miasma.
Your stone body is resilient. (AC +5)
You are immune to poison.
You resist negative energy. (rN+)
You are resistant to electric shocks. (rElec)
You are resistant to unholy torment.
You are immune to petrification.


   Skills:
 + Level 5.7 Fighting
 - Level 8.0 Axes
 - Level 3.2 Armour
 - Level 1.4 Dodging
 - Level 3.2 Shields


You had 7 spell levels left.
You didn't know any spells.
Your spell library was empty.

Inventory:

Hand Weapons
 o - a +0 heavy flail
 Y - a +1 war axe (weapon)
Armour
 c - a +0 buckler (worn)
 j - a +0 pair of boots (worn)
 p - a +0 chain mail (worn)
Jewellery
 f - a +4 ring of protection (right hand)
 i - an amulet of reflection (around neck)
 l - a ring of resist corrosion (left hand)
Scrolls
 h - 3 scrolls of identify
 m - a scroll of summoning {unknown}
Potions
 b - 2 potions of curing {unknown}
 d - 2 potions of might
 e - a potion of cancellation
 g - a potion of heal wounds
 k - a potion of attraction {unknown}
 n - a potion of lignification

Dungeon Overview and Level Annotations

Branches:
Dungeon (6/15)             Temple (1/1) D:4

Altars:
Ashenzari
Dithmenos
Elyvilon
Fedhas
Gozag
Kikubaaqudgha
Makhleb
Qazlal
Ru
Trog
Uskayaw
Vehumet
Wu Jian
Xom
Yredelemnul
Zin
The Shining One

Shops:
D:4 *

Annotations:
D:6 3 runed translucent doors, qw's ghost, novice GrFi


Message History

The deep elf zephyrmancer blinks!
4816 ||| Stepping ~*~*~tactically~*~*~ (hiding).
4817 ||| Stepping ~*~*~tactically~*~*~ (hiding).
The deep elf zephyrmancer hits you but does no damage.
You closely miss the deep elf zephyrmancer.
The deep elf zephyrmancer is moderately wounded.
You block the deep elf zephyrmancer's attack.
You hit the deep elf zephyrmancer.
The deep elf zephyrmancer is moderately wounded.
The deep elf zephyrmancer casts a spell at you.
The bolt of lightning misses you. The bolt of lightning hits you! You resist.
You closely miss the deep elf zephyrmancer.
The deep elf zephyrmancer is moderately wounded.
You block the deep elf zephyrmancer's attack.
You slash the deep elf zephyrmancer!
The deep elf zephyrmancer is heavily wounded.
The deep elf zephyrmancer hits you with a +0 long sword.
You closely miss the deep elf zephyrmancer.
The deep elf zephyrmancer is heavily wounded.
You block the deep elf zephyrmancer's attack.
You closely miss the deep elf zephyrmancer.
The deep elf zephyrmancer is heavily wounded.
The deep elf zephyrmancer closely misses you.
You hit the deep elf zephyrmancer.
The deep elf zephyrmancer is heavily wounded.
The deep elf zephyrmancer hits you with a +0 long sword.
The deep elf zephyrmancer hits you but does no damage.
You barely miss the deep elf zephyrmancer.
The deep elf zephyrmancer is heavily wounded.
The deep elf zephyrmancer hits you but does no damage.
You slash the deep elf zephyrmancer!
The deep elf zephyrmancer is severely wounded.
The deep elf zephyrmancer gestures at you while chanting.
The bolt of lightning hits you. You resist. The bolt of lightning hits you!
You resist.
4829 ||| READING scroll of teleportation.
As you read the scroll of teleportation, it crumbles to dust.
You feel strangely unstable.
The deep elf zephyrmancer hits you with a +0 long sword.
You die...

..# ..................# ..#
######8...........# ..#
................# ..#
................# ..#
............###### ..#
######8..[...#######. ..#
..................... ..#
...........e########.
..###########...@.########.
........%.........#........
.####...#..................
.# ##.#######.............
.# #.# #####......... ##
#.# #......... #.#
#........>
#############..##+##..
#..........### .


You could see a deep elf zephyrmancer.

Vanquished Creatures
  A sky beast (D:6)
  An ogre (D:6)
  A phantom (D:5)
  2 bullfrogs (D:6)
  3 scorpions
  2 jellies (D:4)
  4 hounds
  A gnoll bouda (D:5)
  4 iguanas
  A sleepcap (D:4)
  Terence (D:3)
  An orc wizard (D:6)
  5 gnolls (D:5)
  6 adders
  A shadow imp (D:5)
  A white imp (D:6)
  3 ufetubi
  2 worms
  A dart slug (D:1)
  15 orcs
  9 ball pythons
  3 endoplasms
  3 giant cockroaches
  2 goblins
  7 hobgoblins
  6 jackals
  5 quokkas
  7 bats
  3 frilled lizards
  7 kobolds
  4 rats
112 creatures vanquished.

Notes
Turn   | Place    | Note
-------+----------+-------------------------------------------
     0 | D:1      | qw the Gargoyle Fighter began the quest for the Orb.
     0 | D:1      | Reached XP level 1. HP: 14/14 MP: 1/1
     0 | D:1      | 0 ||| qw: Version: 0.2-a-102-gfc559e5
     0 | D:1      | 0 ||| qw: Game counter: 655
     0 | D:1      | 0 ||| qw: Always use a shield: true
     0 | D:1      | 0 ||| qw: God list: Okawaru
     0 | D:1      | 0 ||| qw: Allow faded altars: false
     0 | D:1      | 0 ||| qw: Do Orc after D:15 true
     0 | D:1      | 0 ||| qw: Do second Lair branch before Depths: true
     0 | D:1      | 0 ||| qw: Lair rune preference: random
     0 | D:1      | 0 ||| qw: Plans: Normal, Zot:1-4, Slime:5, God:TSO, Crypt,
                  | Tomb, Pan, Hells, Abyss, Win
     0 | D:1      | 0 ||| PLANNING D:1-11
    58 | D:1      | Reached skill level 2 in Axes
   118 | D:1      | Reached XP level 2. HP: 14/19 MP: 2/2
   491 | D:1      | Reached skill level 3 in Axes
   527 | D:1      | Reached XP level 3. HP: 22/23 MP: 3/3
   880 | D:1      | 880 ||| UPGRADING to amulet of reflection.
   885 | D:1      | 885 ||| UPGRADING to ring of resist corrosion.
   886 | D:1      | 886 ||| READING scroll labelled FECSAN ZALY.
   987 | D:1      | 987 ||| READING scroll labelled UQIQIT JOROMAEG.
   988 | D:1      | 988 ||| READING 2 scrolls labelled SEAPHEXZER.
  1120 | D:2      | 1120 ||| FLEEEEING.
  1121 | D:2      | 1121 ||| FLEEEEING.
  1122 | D:2      | 1122 ||| FLEEEEING.
  1123 | D:2      | 1123 ||| FLEEEEING.
  1124 | D:2      | 1124 ||| FLEEEEING.
  1125 | D:2      | 1125 ||| FLEEEEING.
  1126 | D:2      | 1126 ||| FLEEEEING.
  1127 | D:2      | 1127 ||| Stepping ~*~*~tactically~*~*~ (hiding).
  1130 | D:2      | 1130 ||| Stepping ~*~*~tactically~*~*~ (hiding).
  1131 | D:2      | 1131 ||| Stepping ~*~*~tactically~*~*~ (hiding).
  1623 | D:2      | 1623 ||| UPGRADING to +4 ring of protection.
  1624 | D:2      | 1624 ||| READING scroll labelled RORCHO ZAOPU.
  1625 | D:2      | 1625 ||| READING scroll labelled HEMOQO POENEO.
  1626 | D:2      | 1626 ||| READING scroll labelled GIOQ DALUOSESU.
  1629 | D:2      | 1629 ||| READING scroll labelled JUBENW VOCKYDA.
  1630 | D:2      | 1630 ||| DRINKING 2 black potions.
  1631 | D:2      | 1631 ||| READING 5 scrolls of identify.
  1631 | D:2      | 1631 ||| IDENTIFYING golden potion
  1632 | D:2      | 1632 ||| READING 4 scrolls of identify.
  1632 | D:2      | 1632 ||| IDENTIFYING blue potion
  1633 | D:2      | 1633 ||| DROPPING potion of magic.
  1634 | D:2      | 1634 ||| DROPPING potion of brilliance.
  1684 | D:3      | Reached XP level 4. HP: 28/28 MP: 4/4
  1743 | D:3      | Reached skill level 4 in Axes
  1869 | D:3      | 1869 ||| Stepping ~*~*~tactically~*~*~ (hiding).
  1870 | D:3      | 1870 ||| Stepping ~*~*~tactically~*~*~ (hiding).
  2115 | D:3      | 2115 ||| Stepping ~*~*~tactically~*~*~ (stealth).
  2124 | D:3      | Noticed Terence
  2142 | D:3      | Killed Terence
  2143 | D:3      | Reached XP level 5. HP: 32/32 MP: 5/5
  2322 | D:3      | Found an opulent altar of Gozag.
  2323 | D:3      | Found a blossoming altar of Fedhas.
  2327 | D:3      | Found a white marble altar of Elyvilon.
  2595 | D:3      | 2595 ||| READING 3 scrolls labelled DECOETH SIDE.
  2596 | D:3      | 2596 ||| READING 4 scrolls of identify.
  2596 | D:3      | 2596 ||| IDENTIFYING fizzy yellow potion
  2597 | D:3      | 2597 ||| DROPPING 2 scrolls of blinking.
  2621 | D:4      | 2621 ||| STAIRDANCE
  2625 | D:4      | 2625 ||| STAIRDANCE
  2629 | D:4      | 2629 ||| STAIRDANCE
  2633 | D:4      | 2633 ||| STAIRDANCE
  2637 | D:4      | 2637 ||| STAIRDANCE
  2641 | D:4      | 2641 ||| STAIRDANCE
  2645 | D:4      | 2645 ||| STAIRDANCE
  2649 | D:4      | 2649 ||| STAIRDANCE
  2653 | D:4      | 2653 ||| STAIRDANCE
  2657 | D:4      | 2657 ||| STAIRDANCE
  2661 | D:4      | 2661 ||| STAIRDANCE
  2665 | D:4      | 2665 ||| STAIRDANCE
  2669 | D:4      | 2669 ||| STAIRDANCE
  2673 | D:4      | 2673 ||| STAIRDANCE
  2677 | D:4      | 2677 ||| STAIRDANCE
  2681 | D:4      | 2681 ||| STAIRDANCE
  2685 | D:4      | 2685 ||| STAIRDANCE
  2689 | D:4      | 2689 ||| STAIRDANCE
  2693 | D:4      | 2693 ||| STAIRDANCE
  2697 | D:4      | 2697 ||| STAIRDANCE
  2776 | D:4      | Found Tebelyba's Serpentskin Sales.
  2786 | D:4      | 2786 ||| SHOPLISTING +2 scale mail of poison resistance
                  | (252 gold, have 165).
  2832 | D:4      | Reached skill level 5 in Axes
  2859 | D:4      | 2859 ||| Stepping ~*~*~tactically~*~*~ (hiding).
  2862 | D:4      | 2862 ||| Stepping ~*~*~tactically~*~*~ (hiding).
  2864 | D:4      | 2864 ||| Stepping ~*~*~tactically~*~*~ (hiding).
  2969 | D:4      | 2969 ||| DROPPING +0 mace.
  2981 | D:4      | 2981 ||| Stepping ~*~*~tactically~*~*~ (stealth).
  2988 | D:4      | 2988 ||| Stepping ~*~*~tactically~*~*~ (stealth).
  2989 | D:4      | 2989 ||| Stepping ~*~*~tactically~*~*~ (stealth).
  2997 | D:4      | 2997 ||| Stepping ~*~*~tactically~*~*~ (stealth).
  3130 | D:4      | Reached XP level 6. HP: 35/38 MP: 6/6
  3175 | D:4      | Found a staircase to the Ecumenical Temple.
  3176 | D:4      | 3176 ||| PLANNING TEMPLE
  3176 | D:4      | 3176 ||| UPGRADING to +0 pair of boots.
  3192 | Temple   | Entered the Ecumenical Temple
  3264 | Temple   | 3264 ||| PLANNING D:1-11
  3652 | D:5      | Entered Level 5 of the Dungeon
  3656 | D:5      | 3656 ||| STAIRDANCE
  3665 | D:4      | Reached skill level 1 in Dodging
  3838 | D:5      | Reached XP level 7. HP: 43/43 MP: 7/7
  3843 | D:5      | Reached skill level 6 in Axes
  3968 | D:5      | 3968 ||| DROPPING +0 flail.
  4022 | D:5      | 4022 ||| FLEEEEING.
  4029 | D:5      | 4029 ||| FLEEEEING.
  4030 | D:5      | 4030 ||| FLEEEEING.
  4031 | D:5      | 4031 ||| FLEEEEING.
  4032 | D:5      | 4032 ||| FLEEEEING.
  4033 | D:5      | 4033 ||| FLEEEEING.
  4034 | D:5      | 4034 ||| FLEEEEING.
  4035 | D:5      | 4035 ||| FLEEEEING.
  4036 | D:5      | 4036 ||| FLEEEEING.
  4037 | D:5      | 4037 ||| FLEEEEING.
  4038 | D:5      | 4038 ||| FLEEEEING.
  4039 | D:5      | 4039 ||| FLEEEEING.
  4218 | D:5      | 4218 ||| UPGRADING to +0 chain mail.
  4228 | D:5      | 4228 ||| DROPPING +0 scale mail.
  4229 | D:5      | 4229 ||| READING scroll labelled SOREFU TI WIB.
  4230 | D:5      | 4230 ||| DRINKING 2 bubbling clear potions.
  4231 | D:5      | 4231 ||| READING 4 scrolls of identify.
  4231 | D:5      | 4231 ||| IDENTIFYING fuming brown potion
  4232 | D:5      | 4232 ||| DROPPING potion of flight.
  4287 | D:6      | 4287 ||| Stepping ~*~*~tactically~*~*~ (hiding).
  4301 | D:6      | Reached skill level 7 in Axes
  4363 | D:6      | Found a runed translucent gate.
  4363 | D:6      | Noticed qw's ghost (novice GrFi)
  4365 | D:6      | Found a runed translucent gate.
  4366 | D:6      | Found a runed translucent gate.
  4367 | D:6      | Identified the +0 chain mail "Ruommemu" {Will+}
  4367 | D:6      | Noticed a warg
  4423 | D:6      | HP: 10/44 [bullfrog (5)]
  4424 | D:6      | 4424 ||| READING scroll of teleportation.
  4425 | D:6      | 4425 ||| DRINKING 2 potions of heal wounds.
  4436 | D:6      | Reached XP level 8. HP: 29/49 MP: 8/8
  4578 | D:6      | 4578 ||| Stepping ~*~*~tactically~*~*~ (hiding).
  4623 | D:6      | Reached skill level 8 in Axes
  4802 | D:6      | Noticed a deep elf zephyrmancer
  4803 | D:6      | 4803 ||| Stepping ~*~*~tactically~*~*~ (hiding).
  4805 | D:6      | 4805 ||| Stepping ~*~*~tactically~*~*~ (hiding).
  4816 | D:6      | 4816 ||| Stepping ~*~*~tactically~*~*~ (hiding).
  4817 | D:6      | 4817 ||| Stepping ~*~*~tactically~*~*~ (hiding).
  4828 | D:6      | HP: 10/51 [deep elf zephyrmancer/bolt of lightning (4)]
  4828 | D:6      | HP: 3/51 [deep elf zephyrmancer/bolt of lightning (7)]
  4829 | D:6      | 4829 ||| READING scroll of teleportation.
  4829 | D:6      | Slain by a deep elf zephyrmancer

Levels and vault maps discovered:
D:1:      ncdulo_halloftheorcs, layout_loops_ring, dk_noncrumbling_3,
          minivault_26, minmay_misc_feat_rows, minmay_surrounded
D:2:      layout_rooms
D:3:      layout_basic, nicolae_overflow_hidden_temple, uniq_terence,
          uniq_crazy_yiuf_cottage
D:4:      layout_rooms, minmay_temple_entry_glassed_door, serial_bayou,
          serial_bayou_pond_e, serial_bayou_crossing, serial_bayou_pond_d,
          serial_bayou_shore_a, serial_bayou_pond_b,
          hangedman_abyss_or_decor_stabs, guppyfry_shop_venom
D:5:      layout_rooms
D:6:      layout_basic, gammafunk_temple_overflow_statue,
          biasface_ghost_orc_armoury, chequers_serial_rivers_room_a,
          minmay_misc_feat_encased, guppyfry_early_elven_hall
Temple:   nicolae_temple_great_sept

Skill      XL: |  1  2  3  4  5  6  7  8 |
---------------+-------------------------+-----
Axes           | 2 3 4 5 7 8 |  8.0
Fighting       | 4 5 |  5.7
Dodging        | 1 |  1.4
Armour         | |  3.2
Shields        | |  3.2

Action                     |  1- 3 |  4- 6 |  7- 9 || total
---------------------------+-------+-------+-------++-------
  Melee: War axe           |   125 |   174 |   120 ||   419
    Use: Scroll            |     9 |     2 |     4 ||    15
         Potion            |     1 |       |     2 ||     3
 Armour: Scale mail        |    68 |    90 |    16 ||   174
         Chain mail        |       |       |    45 ||    45
  Dodge: Dodged            |    68 |    60 |    50 ||   178
  Block: Buckler           |    50 |   103 |    59 ||   212
         Reflection        |       |       |     1 ||     1

Table legend:
 A = Non-vault XP
 B = Vault XP
 C = Vault XP percentage of total XP
 D = Non-vault monster count
 E = Vault monster count
 F = Vault count percentage of total count
                 A         B        C        D         E       F
            +---------+---------+-------+---------+---------+-------
      Total |    1600 |     101 |   5.9 |     101 |      11 |   9.8
            +---------+---------+-------+---------+---------+-------
        D:1 |      33 |       5 |  13.2 |      20 |       3 |  13.0
        D:2 |      42 |       0 |   0.0 |      16 |       0 |   0.0
        D:3 |      83 |      36 |  30.3 |      18 |       1 |   5.3
        D:4 |     166 |      60 |  26.5 |      13 |       7 |  35.0
        D:5 |     419 |       0 |   0.0 |      16 |       0 |   0.0
        D:6 |     857 |       0 |   0.0 |      18 |       0 |   0.0
            +---------+---------+-------+---------+---------+-------
